 Dungeon Crawl Stone Soup version 0.31.0-9-g3a7656b989 (webtiles) character file.

Game seed: 15506481516273222741

170 qw the Skirmisher (level 5, -3/29 HPs)
             Began as a Deep Elf Hunter on Feb 2, 2024.
             Slain by a goblin
             ... wielding a +0 club
             ... led by Robin
              (6 damage)
             ... on level 4 of the Dungeon.
             The game lasted 00:00:10 (2610 turns).

qw the Skirmisher (Deep Elf Hunter)                 Turns: 2610, Time: 00:00:11

Health: -3/29      AC:  6    Str: 10    XL:     5   Next: 25%
Magic:  21/21      EV: 11    Int: 14    God:
Gold:   118        SH:  0    Dex: 18    Spells: 4/4 levels left

rFire   + . .        a - +0 shortbow (drain)
rCold   . . .        (shield currently unavailable)
rNeg    . . .        h - +0 ring mail
rPois   .            (no helmet)
rElec   .            e - +0 cloak
rCorr   .            (no gloves)
SInv    .            (no boots)
Will    .....        l
                       - Hermit's Pendant {Faith Invo=14 Evo=0 MP+5}
Stlth   +            s - ring of protection from fire
HPRegen 0.24/turn    (no ring)
MPRegen 0.17/turn

%: faith
@: no status effects
A: no striking features
a: no special abilities


You were on level 4 of the Dungeon.
You visited 1 branch of the dungeon, and saw 4 of its levels.

You collected 118 gold pieces.


   Skills:
 - Level 1.5 Fighting
 + Level 8.7 Ranged Weapons
 - Level 2.4 Dodging
 - Level 1.2 Stealth


You had 4 spell levels left.
You didn't know any spells.
Your spell library was empty.

Inventory:

Hand Weapons
 a - a +0 shortbow of draining (weapon)
Armour
 e - a +0 cloak (worn)
 h - a +0 ring mail (worn)
Jewellery
 l - the Hermit's Pendant (around neck) {Faith Invo=14 Evo=0 MP+5}
   (You found it on level 3 of the Dungeon)

   [amulet of faith]

   Invo=14: It sets your Invocations skill to 14.
   Evo=0: It sets your Evocations skill to 0.
   Faith:     It allows you to gain divine favour quickly.
   MP+5:      It affects your magic capacity (+5).
 o - a ring of ice
 s - a ring of protection from fire (left hand)
Wands
 p - a wand of flame (21)
Scrolls
 n - a scroll of teleportation {unknown}
 q - a scroll of identify {unknown}
Potions
 b - a potion of brilliance {unknown}
 c - a potion of ambrosia {unknown}
 d - a potion of mutation {unknown}
 f - a potion of heal wounds {unknown}
 g - a potion of cancellation {unknown}
 i - a potion of lignification {unknown}
 j - a potion of curing {unknown}
 k - a potion of invisibility {unknown}
 m - a potion of attraction {unknown}

Dungeon Overview and Level Annotations

Branches:
Dungeon (4/15)
 Temple: D:4-7

Altars:
Qazlal
Vehumet

Annotations:
D:2 1 runed translucent door, Crazy Yiuf


Message History

Robin roars a battlecry!
You shoot an arrow.
The arrow hits Robin but does no damage.
Robin is heavily wounded.
The hobgoblin completely misses you. Robin barely misses you.
You shoot an arrow. The arrow hits Robin.
You drain Robin.
Robin is severely wounded.
A goblin comes into view. It is wielding a +0 dagger.
The hobgoblin hits you but does no damage.
The goblin hits you with a +0 club. Robin hits you but does no damage.
The hobgoblin barely misses you. Robin closely misses you.
You shoot an arrow. The arrow hits Robin.
Robin is almost dead.
The goblin hits you with a +0 club. Robin throws the goblin at you!
The goblin closely misses you. The hobgoblin barely misses you.
A goblin comes into view. It is wielding a +0 club.
You shoot an arrow. The arrow hits Robin.
Robin is almost dead.
The goblin hits you with a +0 club. The hobgoblin closely misses you.
Robin throws the goblin at you! The goblin hits you but does no damage.
The goblin closely misses you.
You shoot an arrow.
The arrow hits Robin but does no damage.
You drain Robin.
You kill Robin!
The goblin closely misses you. The hobgoblin hits you. The goblin misses you.
The goblin closely misses you.
You shoot an arrow. The arrow barely misses the goblin.
The goblin closely misses you. The goblin hits you with a +0 club.
The hobgoblin closely misses you. The goblin hits you but does no damage.
The goblin hits you with a +0 club.
You shoot an arrow. The arrow barely misses the goblin.
The goblin no longer looks unusually strong.
The goblin hits you but does no damage. The goblin closely misses you.
The goblin misses you. The hobgoblin barely misses you.
The goblin hits you with a +0 club.
You shoot an arrow. The arrow closely misses the goblin.
The goblin barely misses you. x2; The hobgoblin hits you.
The goblin closely misses you. The goblin hits you with a +0 club.
You die...

#.##.........?....#
...........##.##.#
#........##.##.#
#.......###.##.#
#.......###.##.#
#...........##.#
#.#####.####.#######.###
#.....gg###.... #....
###.#gg@g......% ####.
..%...g#g#......# #####.
####.#. ........# #.....
#.#. ..(.....# #.###.
#.## ####### #.###. ..#
#####.##.. ..#
####........# #.#
##.##........# #.#
##...#.........


You could see a hobgoblin (strong) and 6 goblins.

Vanquished Creatures
  A jelly (D:3)
  Jessica (D:2)
  Robin (D:4)
  2 adders (D:2)
  5 dart slugs
  2 ribbon worms (D:2)
  6 orcs (D:3)
  6 endoplasms
  8 goblins
  9 hobgoblins
  A kobold (D:1)
  6 ball pythons
  4 bats
  3 frilled lizards
  8 rats
63 creatures vanquished.

Notes
Turn   | Place    | Note
-------+----------+-------------------------------------------
     0 | D:1      | qw the Deep Elf Hunter began the quest for the Orb.
     0 | D:1      | Reached XP level 1. HP: 12/12 MP: 3/3
     0 | D:1      | 0 ||| qw: Version: 0.3-a-155-g5e7d8dd
     0 | D:1      | 0 ||| qw: Game counter: 903
     0 | D:1      | 0 ||| qw: Melee chars always use a shield: true
     0 | D:1      | 0 ||| qw: God list: Okawaru
     0 | D:1      | 0 ||| qw: Allow faded altars: false
     0 | D:1      | 0 ||| qw: Do Orc after clearing Dungeon:15 true
     0 | D:1      | 0 ||| qw: Do second Lair branch before Depths: true
     0 | D:1      | 0 ||| qw: Lair rune preference: random
     0 | D:1      | 0 ||| qw: Goals: Normal
     0 | D:1      | 0 ||| PLANNING D:1-11
   216 | D:1      | Reached XP level 2. HP: 14/16 MP: 4/4
   252 | D:1      | Reached skill level 6 in Ranged Weapons
   858 | D:1      | 858 ||| READING scroll labelled RENIWA KENK.
   859 | D:1      | 859 ||| READING scroll labelled TUCZEU LOYXANO.
   860 | D:1      | 860 ||| DROPPING scroll of butterflies.
   943 | D:2      | Reached XP level 3. HP: 20/20 MP: 5/5
  1090 | D:2      | Found a runed translucent door.
  1091 | D:2      | Noticed Crazy Yiuf
  1323 | D:2      | Noticed Jessica
  1331 | D:2      | Reached skill level 7 in Ranged Weapons
  1340 | D:2      | Killed Jessica
  1341 | D:2      | Reached XP level 4. HP: 22/25 MP: 6/6
  1709 | D:2      | 1709 ||| UPGRADING to +0 cloak.
  1714 | D:2      | 1714 ||| UPGRADING to +0 ring mail.
  1724 | D:2      | 1724 ||| DROPPING +0 leather armour.
  1854 | D:3      | Found a faded altar of an unknown god.
  1854 | D:3      | Found the Hermit's Pendant {Faith Invo=14 Evo=0 MP+5}
  1858 | D:3      | Reached skill level 8 in Ranged Weapons
  1914 | D:3      | Found a stormy altar of Qazlal.
  1933 | D:3      | 1933 ||| RETREEEEATING.
  1934 | D:3      | 1934 ||| RETREEEEATING.
  1935 | D:3      | 1935 ||| RETREEEEATING.
  1936 | D:3      | 1936 ||| RETREEEEATING.
  1938 | D:3      | 1938 ||| RETREEEEATING.
  1939 | D:3      | 1939 ||| RETREEEEATING.
  1941 | D:3      | 1941 ||| RETREEEEATING.
  1942 | D:3      | 1942 ||| RETREEEEATING.
  1944 | D:3      | 1944 ||| RETREEEEATING.
  1945 | D:3      | 1945 ||| RETREEEEATING.
  1948 | D:3      | 1948 ||| RETREEEEATING.
  1955 | D:3      | Reached XP level 5. HP: 28/29 MP: 7/7
  2030 | D:3      | Found a radiant altar of Vehumet.
  2366 | D:3      | 2366 ||| UPGRADING to Hermit's Pendant {Faith Invo=14 Evo=0
                  | MP+5}.
  2454 | D:3      | 2454 ||| UPGRADING to ring of protection from fire.
  2455 | D:3      | 2455 ||| READING 2 scrolls labelled HUMNEU QASHA.
  2456 | D:3      | 2456 ||| READING 3 scrolls labelled AKHEXZOCSYE.
  2457 | D:3      | 2457 ||| READING scroll labelled VOKYDO XAESUH.
  2458 | D:3      | 2458 ||| READING scroll labelled WOEMUAMIHO.
  2512 | D:3      | 2512 ||| READING scroll labelled DUNKAD TYAMU.
  2512 | D:3      | 2512 ||| BRANDING +0 shortbow.
  2513 | D:3      | 2513 ||| DROPPING scroll of immolation.
  2514 | D:3      | 2514 ||| DROPPING 2 scrolls of noise.
  2593 | D:4      | Noticed Robin
  2607 | D:4      | Killed Robin
  2610 | D:4      | HP: 3/29 [hobgoblin[Robin] (5)]
  2610 | D:4      | Slain by a goblin

Levels and vault maps discovered:
D:1:      psy_arrival_fountain, layout_basic
D:2:      layout_loops_cross, uniq_jessica, uniq_crazy_yiuf_cottage
D:3:      layout_basic, mainiacjoe_overflow_alcove_2, grunt_qazlal_clouds,
          hangedman_abyss_or_decor_lesser_grid, eino_tiny_chamber,
          hellmonk_guarded_unrand_hermit
D:4:      layout_loops_cross, serial_shops, shop, minmay_goblin_kobold_house,
          uniq_robin, uniq_eustachio

Skill      XL: |  1  2  3  4 |
---------------+-------------+-----
Ranged Weapons | 6 7 8 |  8.7
Fighting       | |  1.5
Dodging        | |  2.4
Stealth        | |  1.2

Action                     |  1- 3 |  4- 6 || total
---------------------------+-------+-------++-------
   Fire: Shortbow          |    84 |    88 ||   172
    Use: Scroll            |     2 |     5 ||     7
 Armour: Leather armour    |     7 |     3 ||    10
         Ring mail         |       |    43 ||    43
  Dodge: Dodged            |    10 |    36 ||    46

Table legend:
 A = Non-vault XP
 B = Vault XP
 C = Vault XP percentage of total XP
 D = Non-vault monster count
 E = Vault monster count
 F = Vault count percentage of total count
                 A         B        C        D         E       F
            +---------+---------+-------+---------+---------+-------
      Total |     138 |     105 |  43.2 |      56 |       7 |  11.1
            +---------+---------+-------+---------+---------+-------
        D:1 |      29 |       0 |   0.0 |      16 |       0 |   0.0
        D:2 |      66 |      37 |  35.9 |      22 |       1 |   4.3
        D:3 |      41 |      45 |  52.3 |      17 |       1 |   5.6
        D:4 |       2 |      23 |  92.0 |       1 |       5 |  83.3
            +---------+---------+-------+---------+---------+-------
